 Dungeon Crawl Stone Soup version 0.16.1-17-g773cdaf (webtiles) character file.

541 jacksonaction the Shield-Bearer (level 7, -3/49 HPs)
             Began as an Octopode Fighter on Apr 22, 2015.
             Slain by an ice beast (14 damage)
             ... on level 5 of the Dungeon.
             The game lasted 00:15:18 (4114 turns).

jacksonaction the Shield-Bearer (Octopode Fighter)  Turns: 4114, Time: 00:15:18

Health: -3/49      AC:  1    Str: 17    XL:     7   Next: 26%
Magic:  7/7        EV: 12    Int: 10    God:
Gold:   167        SH:  9    Dex: 12    Spells: 0 memorised, 6 levels left

rFire  . . .     SeeInvis .     a - +0 trident
rCold  . . .     Clarity  .     c - +0 shield
rNeg   . . .     SustAb   .     (helmet restricted)
rPois  .         Gourm    .     (no amulet)
rElec  .         Spirit   .     (no ring)
rCorr  .         Warding  .     (no ring)
rMut   .         Stasis   .     (no ring)
MR     .....                    (no ring)
Stlth  ++........               (no ring)
                                (no ring)
                                (no ring)
                                (no ring)

@: not resistant to hostile enchantments, unstealthy
A: almost no armour, amphibious, 8 rings, constrict 8, camouflage 1, gelatinous
body 1
a: no special abilities


You were on level 5 of the Dungeon.
You were not hungry.

You visited 1 branch of the dungeon, and saw 5 of its levels.

You collected 167 gold pieces.

Inventory:

Hand weapons
 a - a +0 trident (weapon)
Missiles
 k - 61 stones
 q - 20 poisoned needles
 w - a tomahawk of returning (quivered)
Armour
 c - a +0 shield (worn)
Scrolls
 b - 2 scrolls of fear {unknown}
 l - 5 scrolls of remove curse {unknown}
 m - 5 scrolls of teleportation {unknown}
 n - 4 scrolls of identify {unknown}
 o - 3 scrolls of amnesia {unknown}
 s - 2 scrolls of magic mapping {unknown}
 u - 2 scrolls of fog {unknown}
 y - a scroll of random uselessness {unknown}
Potions
 e - a potion of might
 g - a potion of ambrosia {unknown}
 i - a potion of haste {unknown}
 j - 2 potions of brilliance {unknown}
 p - a potion of cancellation {unknown}
 t - a potion of curing {unknown}
 v - a potion of magic {unknown}
 x - a potion of degeneration {unknown}
Books
 A - a book of Clouds

   Spells                             Type                      Level
   a - Mephitic Cloud                 Conjuration/Poison/Air       3
   b - Conjure Flame                  Conjuration/Fire             3
   c - Poisonous Cloud                Conjuration/Poison/Air       6
   d - Freezing Cloud                 Conjuration/Ice/Air          6
   e - Ring of Flames                 Charms/Fire                  7
Comestibles
 d - 3 bread rations
 f - 4 fruits
 h - a royal jelly
 r - a beef jerky


   Skills:
 + Level 4.8 Fighting
 + Level 4.1 Polearms
 + Level 4.6 Dodging
 + Level 4.8 Shields


You had 6 spell levels left.
You didn't know any spells.

Dungeon Overview and Level Annotations

Branches:
Dungeon (5/15)
 Temple: D:4-7

Altars:
Kikubaaqudgha
Nemelex Xobeh


Innate Abilities, Weirdness & Mutations

You cannot wear most types of armour.
You are amphibious.
You can wear up to eight rings at the same time.
You can use your tentacles to constrict many enemies at once.
Your skin changes colour to match your surroundings (Stealth).
Your rubbery body absorbs attacks (AC +1).


Message History

The ice beast is lightly wounded.
You closely miss the ice beast. Your squeeze misses the ice beast.
The ice beast is lightly wounded.
The ice beast hits you. The ice beast freezes you! The ice beast misses you.
You puncture the ice beast!
The ice beast is moderately wounded.
You block the ice beast's attack.
You barely miss the ice beast.
The ice beast is moderately wounded.
The ice beast hits you. The ice beast freezes you!
You hit the ice beast.
The ice beast is heavily wounded.
The ice beast hits you. The ice beast freezes you!
* * * LOW HITPOINT WARNING * * *
You closely miss the ice beast. You squeeze the ice beast.
The ice beast is heavily wounded.
The ice beast hits you.
* * * LOW HITPOINT WARNING * * *
The ice beast freezes you!
You die...

##.#.# .#. #.#.#
.(. .#.# ##### ...
# .#.###...## #(# .
.#.##.....## #(#
#.#.......# #.#
#.........#
#.###### #
##..>.....#
#Y.....#
####........####@.#
'.................#
####...##.####....#
# ##.##.#.#
#.##.....# ####..##
#.# #..## #.## #.#
..# #.# #.# .## #.#
#.. .# ###### #.#
###


You could see an ice beast.

Vanquished Creatures
  A phantom (D:4)
  2 crimson imps
  2 hounds
  A jelly (D:4)
  3 iguanas (D:4)
  2 worker ants (D:5)
  3 gnolls (D:2)
  2 giant mites
  5 adders
  A shadow imp (D:3)
  2 worms
  3 giant geckos
  2 oozes
  An orc (D:3)
  A bat skeleton (D:4)
  8 hobgoblins
  8 kobolds
  2 quokkas
  7 bats
  2 giant cockroaches (D:1)
  A giant gecko zombie (D:5)
  2 giant newts (D:1)
  10 goblins
  3 jackals (D:2)
  8 rats
82 creatures vanquished.

Notes
Turn   | Place    | Note
--------------------------------------------------------------
     0 | D:1      | jacksonaction, the Octopode Fighter, began the quest for the Orb.
     0 | D:1      | Reached XP level 1. HP: 16/16 MP: 1/1
   115 | D:1      | Reached XP level 2. HP: 19/21 MP: 2/2
   393 | D:1      | Found a sparkling altar of Nemelex Xobeh.
   650 | D:2      | Reached XP level 3. HP: 21/26 MP: 3/3
  1226 | D:2      | Reached XP level 4. HP: 30/32 MP: 4/4
  1751 | D:3      | Reached XP level 5. HP: 29/37 MP: 5/5
  1915 | D:3      | Reached skill level 4 in Shields
  2586 | D:4      | Reached XP level 6. HP: 24/43 MP: 6/6
  2976 | D:4      | Found an ancient bone altar of Kikubaaqudgha.
  2982 | D:4      | Noticed a phantom
  3034 | D:4      | Killed a phantom
  3610 | D:5      | Entered Level 5 of the Dungeon
  3620 | D:5      | Reached XP level 7. HP: 46/49 MP: 7/7
  4114 | D:5      | Slain by an ice beast

Action                   |  1- 3 |  4- 6 |  7- 9 || total
-------------------------+-------+-------+-------++-------
Melee: Trident           |    80 |   150 |    29 ||   259
Throw: Stone             |     6 |    31 |       ||    37
       Tomahawk          |       |    13 |     6 ||    19
 Stab: Sleeping          |     8 |     3 |       ||    11
  Eat: Chunk             |     1 |     8 |     1 ||    10
